 Dungeon Crawl Stone Soup version 0.30-a0-737-gf23d94013f (webtiles) character file.

Game seed: 6922055030158403387

721 Jackthecabe the Cutter (level 7, 0/31 (34) HPs)
             Began as a Vine Stalker Brigand on Feb 2, 2023.
             Slain by a wight
             ... wielding a +3 mace of freezing
              (2 damage)
             ... on level 6 of the Dungeon.
             The game lasted 00:08:04 (4060 turns).

Jackthecabe the Cutter (Vine Stalker Brigand)       Turns: 4060, Time: 00:08:05

HP:   0/31 (34)     AC:  4    Str: 14    XL:     7   Next: 70%
MP:   0/8           EV: 16    Int: 11    God:
Gold: 311           SH:  0    Dex: 17    Spells: 6/6 levels left

rFire   . . .      SeeInvis .    a - +2 dagger
rCold   . . .      Faith    .    (no shield)
rNeg    . . .      Spirit   +    p - +0 leather armour
rPois   .          Reflect  .    (no helmet)
rElec   .          Harm     .    c - +0 cloak
rCorr   .          Rampage  .    (no gloves)
Will    .....                    (no boots)
Stlth   +++                      (no amulet)
HPRegen 1.05/turn                E - +5 ring of evasion
MPRegen 0.11/turn                (no ring)

@: drained
A: fangs 2, regeneration 1, magic shield, antimagic bite, no potion heal 2
a: no special abilities


You were on level 6 of the Dungeon.
You visited 1 branch of the dungeon, and saw 6 of its levels.

You collected 311 gold pieces.


Innate Abilities, Weirdness & Mutations

You have extremely sharp teeth.
Your natural rate of healing is unusually fast.
When hurt, damage is shared between your health and your magic reserves.
Your bite disrupts and absorbs the magic of your enemies.
Potions cannot restore your health.


   Skills:
 - Level 1.7 Fighting
 + Level 7.8 Short Blades
 - Level 1.7 Throwing
 - Level 0.7 Dodging
 - Level 4.8 Stealth


You had 6 spell levels left.
You didn't know any spells.
Your spell library was empty.

Inventory:

Hand Weapons
 a - a +2 dagger (weapon)
Missiles
 d - 13 poisoned darts (quivered)
 e - 3 curare-tipped darts {=f}
Armour
 b - a +0 robe
 c - a +0 cloak (worn)
 p - a +0 leather armour (worn)
Magical Staves
 r - a staff of air {!a}
Jewellery
 E - a +5 ring of evasion (left hand)
Scrolls
 j - a scroll of poison {unknown}
 k - 2 scrolls of noise {unknown}
 m - 3 scrolls of blinking {unknown}
 n - 2 scrolls of identify {unknown}
 o - 5 scrolls of teleportation {unknown}
 q - a scroll of silence {unknown}
 s - a scroll of magic mapping {unknown}
 v - a scroll of summoning {unknown}
 x - a scroll of enchant armour {unknown}
 y - 2 scrolls of brand weapon {unknown}
 A - a scroll of amnesia {unknown}
 B - a scroll of immolation {unknown}
Potions
 f - 3 potions of might {unknown}
 g - a potion of cancellation {unknown}
 h - 3 potions of attraction {unknown}
 i - 4 potions of curing {unknown}
 l - a potion of flight {unknown}
 t - 3 potions of heal wounds {unknown}
 u - a potion of lignification {unknown}
 w - 2 potions of invisibility {unknown}
 z - a potion of mutation {unknown}

Dungeon Overview and Level Annotations

Branches:
Dungeon (6/15)
 Temple: D:4-7

Altars:
Hepliaklqana

Shops:
D:5 =

Annotations:
D:2 1 runed translucent door, Crazy Yiuf
D:6 Pikel

#.....# .. #.....# ...
#.....# .z..
#.....####.....
#.............^
..###########........# .
..'.......z.'........'.
##
.###.#.z####.......!##
####))@## #........#
#.....## #........#
#.###.### #........#
#.###...# #|.......#
###.##..#.# #.........
..
..#.....#'#########....
#..######.##...#.....#
#.).<....#....#.....#
####.....#..#.#.....####


You could see 2 wights.


Message History

The wight freezes you.
You barely miss the wight.
The wight is lightly damaged.
The wight hits you with a +3 mace of freezing!
You feel drained.
* * * LOW HITPOINT WARNING * * *
The wight freezes you.
* * * LOW HITPOINT WARNING * * *
You are too injured to fight recklessly!
You are too injured to fight recklessly!
You are too injured to fight recklessly!
You hit the wight. You bite the wight, but do no damage.
The wight is moderately damaged.
You closely miss the wight. You bite the wight, but do no damage.
The wight is moderately damaged.
The wight closely misses you. The wight attacks as you move away!
The wight hits you with a +3 mace of freezing.
* * * LOW HITPOINT WARNING * * *
The wight freezes you.
* * * LOW HITPOINT WARNING * * *
Things that are here:
a +0 flail; a +0 leather armour The wight attacks as you move away!
The wight hits you with a +3 mace of freezing!
* * * LOW HITPOINT WARNING * * *
You feel drained.
* * * LOW HITPOINT WARNING * * *
The wight freezes you.
You die...

Skill      XL: |  1  2  3  4  5  6  7 |
---------------+----------------------+-----
Short Blades   | 2 3 5 6 7 |  7.8
Fighting       | |  1.7
Throwing       | |  1.7
Dodging        | |  0.7
Stealth        | |  4.8

Action                     |  1- 3 |  4- 6 |  7- 9 || total
---------------------------+-------+-------+-------++-------
  Melee: Dagger            |    78 |   130 |    36 ||   244
         Bite              |    13 |    44 |    13 ||    70
         Punch             |       |     3 |       ||     3
  Throw: Dart              |       |     7 |    17 ||    24
   Stab: Sleeping          |    13 |     4 |       ||    17
         Distracted        |     1 |       |       ||     1
 Armour: Robe              |    11 |       |       ||    11
         Leather armour    |       |    22 |    10 ||    32
  Dodge: Dodged            |    30 |    59 |    35 ||   124

Levels and vault maps discovered:
D:1:      giann_wishing_wells, layout_basic, ebering_ecumenical_altar_hall,
          minmay_shallow_snake_nest
D:2:      layout_loops_ring, minmay_misc_feat_four_crosses,
          uniq_crazy_yiuf_cottage
D:3:      layout_rooms, lemuel_coloured_pillars_altar,
          nicolae_kite_square_tiling_tiny, minmay_misc_feat_tiny
D:4:      layout_loops_ring
D:5:      layout_loops_ring, serial_shops, nicolae_shop_advertising_works
          [nicolae_subvault_shop_adworks]
D:6:      layout_basic, mainiacjoe_overflow_surrounded_room, uniq_pikel

Notes
Turn   | Place    | Note
-------+----------+-------------------------------------------
     0 | D:1      | Jackthecabe the Vine Stalker Brigand began the quest for
                  | the Orb.
     0 | D:1      | Reached XP level 1. HP: 11/11 MP: 2/2
   135 | D:1      | Reached skill level 2 in Short Blades
   205 | D:1      | Reached XP level 2. HP: 15/15 MP: 3/3
   276 | D:1      | Found a faded altar of an unknown god.
   634 | D:2      | Reached skill level 3 in Short Blades
   678 | D:2      | Reached XP level 3. HP: 18/18 MP: 4/4
  1122 | D:2      | Found a runed translucent door.
  1123 | D:2      | Noticed Crazy Yiuf
  1548 | D:3      | Gained mutation: Your natural rate of healing is unusually
                  | fast. [Vine Stalker growth]
  1548 | D:3      | Reached XP level 4. HP: 23/23 MP: 5/5
  1620 | D:3      | Found a hazy altar of Hepliaklqana.
  1874 | D:4      | Reached skill level 4 in Short Blades
  2365 | D:4      | Noticed a necrophage
  2383 | D:4      | Killed a necrophage
  2384 | D:4      | Reached skill level 5 in Short Blades
  2384 | D:4      | Reached XP level 5. HP: 22/26 MP: 6/6
  2570 | D:5      | Entered Level 5 of the Dungeon
  2690 | D:5      | Noticed a water moccasin
  2745 | D:5      | Found Idghoane's Jewellery Emporium.
  2882 | D:5      | Reached XP level 6. HP: 28/30 MP: 7/7
  3139 | D:5      | Killed a water moccasin
  3140 | D:5      | Reached skill level 6 in Short Blades
  3521 | D:6      | Noticed a black bear
  3556 | D:6      | Noticed a black bear
  3558 | D:6      | Noticed Pikel
  3686 | D:6      | Reached XP level 7. HP: 34/34 MP: 8/8
  3745 | D:6      | Reached skill level 7 in Short Blades
  4060 | D:6      | HP: 2/31 [wight/+3 mace of freezing (3)]
  4060 | D:6      | Slain by a wight

Vanquished Creatures
  A water moccasin (D:5)
  An ogre (D:6)
  2 black bears (D:6)
  A centaur (D:6)
  A necrophage (D:4)
  A hound (D:4)
  A jelly (D:5)
  An orc wizard (D:5)
  3 adders
  An ufetubus (D:5)
  2 dart slugs
  16 orcs
  9 ball pythons
  8 bats
  An endoplasm (D:3)
  2 giant cockroaches
  4 hobgoblins
  3 jackals (D:2)
  6 kobolds
  4 quokkas
  4 frilled lizards
  7 goblins
  3 rats
82 creatures vanquished.

Table legend: (Time is in decaauts)
 A = Elapsed time spent in this place.
 B = Non-inter-level travel time spent in this place.
 C = Inter-level travel time spent in this place.
 D = Time resting spent in this place.
 E = Time spent auto-exploring this place.
 F = Levels seen in this place.
 G = Mean time per level.
                   A        B        C        D        E       F      G
               +--------+--------+--------+--------+--------+-----+--------+
         Total |   4001 |   3764 |    237 |     47 |   2883 |   6 |  666.8 |
       Dungeon |   4001 |   3764 |    237 |     47 |   2883 |   6 |  666.8 |
               +--------+--------+--------+--------+--------+-----+--------+

Top non-repeatable levels by time:
     D:5: 997 daAuts
     D:2: 782 daAuts
     D:4: 694 daAuts
     D:1: 623 daAuts
     D:6: 454 daAuts
     D:3: 449 daAuts

Table legend:
 A = Non-vault XP
 B = Vault XP
 C = Vault XP percentage of total XP
 D = Non-vault monster count
 E = Vault monster count
 F = Vault count percentage of total count
                 A         B        C        D         E       F
            +---------+---------+-------+---------+---------+-------
      Total |    1026 |       4 |   0.4 |      80 |       2 |   2.4
            +---------+---------+-------+---------+---------+-------
        D:1 |      25 |       4 |  13.8 |      14 |       2 |  12.5
        D:2 |      46 |       0 |   0.0 |      27 |       0 |   0.0
        D:3 |      15 |       0 |   0.0 |       8 |       0 |   0.0
        D:4 |     148 |       0 |   0.0 |       7 |       0 |   0.0
        D:5 |     270 |       0 |   0.0 |      14 |       0 |   0.0
        D:6 |     522 |       0 |   0.0 |      10 |       0 |   0.0
            +---------+---------+-------+---------+---------+-------
